 Dungeon Crawl Stone Soup version 0.31-a0-221-gbddc013574 (webtiles) character file.

Game seed: 2763845718917173634

72 qw the Shooter (level 4, -4/26 HPs)
             Began as a Gargoyle Hexslinger on July 4, 2023.
             Slain by Edmund
             ... wielding a +0 flail of venom
              (11 damage)
             ... on level 3 of the Dungeon.
             The game lasted 00:00:44 (1917 turns).

qw the Shooter (Gargoyle Hexslinger)                Turns: 1917, Time: 00:00:44

Health: -4/26      AC:  8    Str: 11 (12) XL:     4   Next: 25%
Magic:  5/5        EV: 10    Int: 12 (13) God:
Gold:   89         SH:  0    Dex: 13 (14) Spells: 4/5 levels left

rFire   . . .        Y - +3 sling
rCold   . . .        (no shield)
rNeg    + . .        j - +0 ring mail
rPois   inf          (no helmet)
rElec   +            (no cloak)
rCorr   .            (no gloves)
SInv    .            (no boots)
Will    .....        (no amulet)
Stlth   +            (no ring)
HPRegen 0.24/turn    (no ring)
MPRegen 0.09/turn

%: no passive effects
@: no status effects
A: sickness immunity, AC +3, negative energy resistance 1, electricity
resistance, torment resistance 1, petrification resistance
a: no special abilities


You were on level 3 of the Dungeon.
You visited 1 branch of the dungeon, and saw 4 of its levels.

You collected 89 gold pieces.


Innate Abilities, Weirdness & Mutations

You are immune to sickness and miasma.
Your stone body is resilient. (AC +3)
You are immune to poison.
You resist negative energy. (rN+)
You are resistant to electric shocks. (rElec)
You are resistant to unholy torment.
You are immune to petrification.


   Skills:
 - Level 2.0 Fighting
 - Level 4.1 Ranged Weapons
 + Level 0.0 Armour
 - Level 1.5 Dodging
 - Level 1.0 Spellcasting
 - Level 2.6 Hexes


You had 4 spell levels left.
You knew the following spells:

 Your Spells              Type           Power      Damage    Failure   Level
a - Slow                  Hex            28%        N/A       24%         1

Your spell library contained the following spells:

 Spells                   Type           Power      Damage    Failure   Level
 Inner Flame              Hex/Fire       3%         N/A       77%         3
 Portal Projectile        Hex/Tloc       6%         N/A       77%         3
 Cause Fear               Hex            3%         N/A       94%         4

Inventory:

Hand Weapons
 Y - a +3 sling (weapon)
Armour
 j - a +0 ring mail (worn)
Jewellery
 d - a ring of fire
Scrolls
 b - 4 scrolls of identify
 h - 4 scrolls of teleportation
Potions
 g - a potion of curing

Dungeon Overview and Level Annotations

Branches:
Dungeon (4/15)
 Temple: D:4-7

Altars:

Shops:
D:2 [

Annotations:
D:3 Edmund


Message History

Found a ring mail.
There is a stone staircase leading up here.
There are monsters nearby!
Waypoint 3 assigned to D:4.
You shoot a sling bullet.
The sling bullet hits the hound but does no damage.
You shoot a sling bullet. The sling bullet hits the hound!
The hound is severely wounded.
The hound misses you. The hound bites you but does no damage.
You shoot a sling bullet.
The sling bullet barely misses the hound.
The hound bites you but does no damage.
A ball python comes into view.
The hound closely misses you.
You shoot a sling bullet.
The sling bullet barely misses the hound.
The ball python hisses angrily.
An adder comes into view.
Edmund hits you with a +0 flail of venom.
The hound bites you but does no damage. Edmund hits you but does no damage.
The hound bites you.
1913 ||| STAIRDANCE The adder hisses angrily.
The hound barely misses you. Edmund closely misses you.
You climb upwards.
There is a stone staircase leading down here.
You shoot a sling bullet. The sling bullet hits the hound.
The hound is heavily wounded.
The hound misses you. Edmund closely misses you. The hound bites you.
You shoot a sling bullet.
The sling bullet barely misses the hound.
The hound bites you but does no damage.
Edmund hits you with a +0 flail of venom.
The hound bites you but does no damage.
You shoot a sling bullet. The sling bullet hits the hound.
The hound is severely wounded.
The hound bites you but does no damage.
Edmund hits you with a +0 flail of venom.
The hound bites you.
Edmund hits you with a +0 flail of venom!
You die...

...# #.##.##.#....##.#...#.#
#########.##....#....##.#.#.#.#
#..................####.....#.#
#.........########.######.###.#
#.........####..!#.######.....#
#.........####...#.############
#.........######.#.#####
#.........##...#@#.#####
#.........##.#.#@#.#####
#.........##.#.#h#.#####
############.#...#.#############
###.#####.#...........# #...#
#.#.#########.# ##############.#
#.#.##### #.#
.......#.<...#.###.#.....#####.#
######.#.###.#.....#...........#
...#
#.....#.#..#####.##.########


You could see Edmund and a hound.

Vanquished Creatures
  2 adders
  A worm (D:3)
  A dart slug (D:1)
  5 bats
  6 endoplasms
  2 giant cockroaches (D:1)
  8 goblins
  4 hobgoblins
  A quokka (D:1)
  5 ball pythons
  6 frilled lizards
  2 kobolds
  6 rats
49 creatures vanquished.

Notes
Turn   | Place    | Note
-------+----------+-------------------------------------------
     0 | D:1      | qw the Gargoyle Hexslinger began the quest for the Orb.
     0 | D:1      | Reached XP level 1. HP: 12/12 MP: 2/2
     0 | D:1      | 0 ||| qw: Version: 0.3-a-41-g9d075ac
     0 | D:1      | 0 ||| qw: Game counter: 780
     0 | D:1      | 0 ||| qw: Melee chars always use a shield: true
     0 | D:1      | 0 ||| qw: God list: Okawaru
     0 | D:1      | 0 ||| qw: Allow faded altars: false
     0 | D:1      | 0 ||| qw: Do Orc after clearing Dungeon:15 true
     0 | D:1      | 0 ||| qw: Do second Lair branch before Depths: true
     0 | D:1      | 0 ||| qw: Lair rune preference: random
     0 | D:1      | 0 ||| qw: Goals: Normal
     0 | D:1      | 0 ||| PLANNING D:1-11
    27 | D:1      | HP: 2/12 [hobgoblin (3)]
    35 | D:1      | HP: 3/12 [goblin/+0 club (1)]
   134 | D:1      | Reached XP level 2. HP: 12/16 MP: 3/3
   257 | D:1      | Reached skill level 3 in Ranged Weapons
   319 | D:1      | Reached XP level 3. HP: 21/21 MP: 4/4
   520 | D:1      | 520 ||| READING scroll labelled ULOBASTR WYNU.
   521 | D:1      | 521 ||| READING scroll labelled COGHIU KOOCOE.
   522 | D:1      | 522 ||| READING 3 scrolls labelled YKHLYKL YBBADUA.
   525 | D:1      | 525 ||| DROPPING scroll of poison.
   559 | D:2      | Found a faded altar of an unknown god.
   590 | D:2      | Found Wougoz's Antique Armour Shoppe.
   626 | D:2      | 626 ||| SHOPLISTING pair of boots (103 gold, have 6).
   626 | D:2      | 626 ||| SHOPLISTING ring mail (92 gold, have 6).
   626 | D:2      | 626 ||| SHOPLISTING translucent ring mail (207 gold, have
                  | 6).
  1100 | D:2      | 1100 ||| DROPPING ring of wizardry.
  1101 | D:2      | 1101 ||| READING 4 scrolls labelled BYSTIO CECZU.
  1102 | D:2      | 1102 ||| READING scroll labelled HOONTI ZE ANOI.
  1103 | D:2      | 1103 ||| DRINKING 2 red potions.
  1536 | D:3      | Reached XP level 4. HP: 26/26 MP: 5/5
  1633 | D:3      | Identified the +8 hand axe of Xom's Scorn {holy, rC+ Int+4}
  1755 | D:3      | Reached skill level 4 in Ranged Weapons
  1858 | D:3      | 1858 ||| UPGRADING to +0 leather armour.
  1868 | D:3      | 1868 ||| DROPPING +0 robe.
  1869 | D:3      | 1869 ||| UPGRADING to +0 ring mail.
  1879 | D:3      | 1879 ||| DROPPING +0 leather armour.
  1880 | D:3      | 1880 ||| READING scroll labelled YHOOLL ATREM.
  1881 | D:3      | 1881 ||| READING scroll labelled KUDUDA FIDOSSU.
  1899 | D:3      | 1899 ||| READING 2 scrolls labelled UNAHOE DAMIT.
  1900 | D:3      | 1900 ||| READING scroll of enchant weapon.
  1900 | D:3      | 1900 ||| ENCHANTING +2 sling.
  1901 | D:3      | 1901 ||| DRINKING 2 yellow potions.
  1902 | D:3      | 1902 ||| DROPPING potion of degeneration.
  1908 | D:4      | Noticed Edmund
  1913 | D:4      | 1913 ||| STAIRDANCE
  1917 | D:3      | Slain by Edmund

Levels and vault maps discovered:
D:1:      ldierk_walled_garden, layout_rooms
D:2:      layout_rooms, ebering_ecumenical_altar_box, serial_shops, shop,
          nicolae_eternal_life, corexii_item_surrounded_by_moat,
          nicolae_concentric_dashed_squares_mild
D:3:      layout_basic
D:4:      layout_cave_pods, uniq_edmund, uniq_natasha

Skill      XL: |  1  2  3  4 |
---------------+-------------+-----
Ranged Weapons | 3 4 |  4.1
Fighting       | 2 |  2.0
Dodging        | |  1.5
Spellcasting   | |  1.0
Hexes          | |  2.6

Action                     |  1- 3 |  4- 6 || total
---------------------------+-------+-------++-------
   Fire: Sling             |   136 |    18 ||   154
    Use: Scroll            |     5 |     4 ||     9
         Potion            |     1 |     1 ||     2
 Armour: Robe              |    19 |     1 ||    20
         Ring mail         |       |     7 ||     7
  Dodge: Dodged            |    35 |    10 ||    45

Table legend:
 A = Non-vault XP
 B = Vault XP
 C = Vault XP percentage of total XP
 D = Non-vault monster count
 E = Vault monster count
 F = Vault count percentage of total count
                 A         B        C        D         E       F
            +---------+---------+-------+---------+---------+-------
      Total |     103 |       0 |   0.0 |      49 |       0 |   0.0
            +---------+---------+-------+---------+---------+-------
        D:1 |      41 |       0 |   0.0 |      26 |       0 |   0.0
        D:2 |      26 |       0 |   0.0 |      11 |       0 |   0.0
        D:3 |      36 |       0 |   0.0 |      12 |       0 |   0.0
            +---------+---------+-------+---------+---------+-------
